Map: Deathaura LE

Players

Trap - Winner!

  • Race: Protoss Protoss
  • Spawn Location: 11:00

RagnaroK (SHIN)

  • Race: Zerg Zerg
  • League: Grandmaster
  • Spawn Location: 5:00

Event: War Chest Team League

VOD

Have the link to the VOD?

Description

Time

  • Played on: Aug. 9, 2020, 7:37 a.m.
  • Length: 10:36

All games in this series

Show
View Real Time Build Order
Export as new Build Order

Trap Protoss - Winner!

Build Orders: 1 Gate Expand, Oracle Opening 

Get SALT Encoding   

  12  0:00  Probe  
  13  0:13  Pylon  
  13  0:16  Probe (Chrono Boost)  
  14  0:26  Probe (Chrono Boost)  
  15  0:31  Probe (Chrono Boost)  
  16  0:38  Gateway  
  16  0:43  Probe  
  16  0:49  Assimilator  
  17  0:55  Probe  
  18  1:07  Probe  
  19  1:19  Probe  
  20  1:28  Nexus  
  20  1:34  Cybernetics Core  
  20  1:38  Probe  
  21  1:44  Assimilator  
  21  1:50  Probe  
  21  1:53  Pylon  
  22  2:02  Probe  
  23  2:08  Stalker (Chrono Boost)  
  23  2:11  Warp Gate  
  23  2:14  Probe  
  26  2:26  Probe  
  27  2:32  Stargate  
  27  2:35  Adept  
  29  2:38  Probe (Chrono Boost)  
  29  2:40  Probe (Chrono Boost)  
  31  2:49  Probe x2 (Chrono Boost)  
  33  2:53  Probe (Chrono Boost)  
  33  2:54  Probe (Chrono Boost)  
  35  3:04  Pylon, Probe  
  35  3:05  Adept  
  38  3:06  Probe  
  39  3:13  Oracle (Chrono Boost)  
  39  3:17  Probe  
  39  3:19  Probe  
  44  3:22  Gateway  
  44  3:29  Probe  
  44  3:31  Probe  
  44  3:34  Assimilator  
  46  3:35  Assimilator  
  46  3:40  Pylon  
  47  3:41  Probe  
  47  3:42  Oracle (Chrono Boost)  
  47  3:43  Probe  
  51  3:54  Probe  
  51  3:55  Pylon, Probe  
  53  3:59  Twilight Council  
  53  4:02  Pylon  
  53  4:06  Probe  
  53  4:07  Probe  
  55  4:16  Adept x2  
  59  4:18  Probe  
  59  4:19  Probe  
  61  4:25  Pylon  
  61  4:31  Probe x2  
  63  4:41  Nexus  
  63  4:46  Dark Shrine  
  63  4:49  Probe  
  63  4:50  Robotics Facility  
  64  4:55  Shield Battery  
  64  4:59  Sentry x2  
  68  5:02  Pylon  
  68  5:04  Gateway  
  68  5:07  Probe x2  
  70  5:14  Blink (Chrono Boost)  
  70  5:19  Forge  
  70  5:20  Probe x2  
  72  5:32  Sentry, Probe x2  
  72  5:33  Pylon  
  72  5:35  Immortal (Chrono Boost)  
  80  5:43  Sentry  
  80  5:44  Probe x2  
  80  5:47  Protoss Ground Weapons Level 1 (Chrono Boost)  
  80  5:48  Gateway  
  84  5:56  Probe x3  
  87  6:03  Stalker x2  
  91  6:11  Robotics Bay  
  91  6:12  Immortal  
  91  6:15  Probe x2  
  91  6:16  Probe  
  98  6:24  Assimilator  
  98  6:25  Assimilator  
  98  6:26  Pylon  
  98  6:29  Probe x2  
  98  6:30  Probe  
  101  6:38  Stalker x3  
  107  6:43  Stalker  
  109  6:50  Gateway x2  
  109  6:52  Gateway, Warp Prism (Chrono Boost)  
  109  6:54  Gateway  
  111  7:02  Stalker x2  
  111  7:04  Extended Thermal Lance  
  115  7:11  Stalker x2  
  115  7:12  Pylon  
  119  7:21  Robotics Facility  
  119  7:22  Robotics Facility  
  119  7:29  Stalker  
  119  7:30  Stalker  
  119  7:31  Disruptor (Chrono Boost)  
  113  7:54  Stalker x8  
  129  8:00  Disruptor  
  129  8:03  Protoss Ground Weapons Level 2 (Chrono Boost)  
  132  8:19  Disruptor (Chrono Boost)  
  133  8:27  Pylon  
  133  8:28  Pylon  
  133  8:30  Pylon x3, Nexus  
  133  8:31  Charge  
  133  8:42  Disruptor (Chrono Boost)  
  133  8:43  Photon Cannon, Pylon  
  133  8:47  Observer (Chrono Boost)  
  137  8:52  Pylon, Disruptor (Chrono Boost)  
  137  8:54  Photon Cannon x2  
  140  8:56  Photon Cannon  
  140  9:00  Photon Cannon, Observer (Chrono Boost)  
  140  9:01  Photon Cannon  
  141  9:05  Probe x3  
  144  9:14  Zealot x4  
  144  9:15  Disruptor (Chrono Boost)  
  152  9:17  Observer (Chrono Boost)  
  152  9:21  Stalker x3  
  162  9:24  Stalker  
  151  9:51  Stalker x8  
  152  10:18  Stalker x2  
  152  10:19  Stalker x3, Zealot x2  
  152  10:21  Probe x4  
  156  10:30  Assimilator  
  154  10:32  Assimilator  
  154  10:33  Pylon  
Show
View Real Time Build Order
Export as new Build Order

RagnaroK Zerg 

Build Orders: Hatch First, Lurkers, Roach Hydra 

Get SALT Encoding   

  12  0:00  Drone  
  13  0:10  Drone  
  14  0:16  Overlord  
  14  0:25  Extractor, Drone  
  15  0:43  Hatchery  
  15  0:47  Drone  
  15  0:51  Drone  
  15  0:54  Drone  
  17  0:59  Drone  
  18  1:09  Extractor  
  17  1:15  Spawning Pool  
  17  1:18  Drone  
  17  1:22  Drone  
  18  1:31  Drone  
  19  1:41  Drone  
  20  1:52  Drone  
  21  2:01  Queen x2  
  21  2:02  Zergling x2  
  21  2:03  Zergling x2  
  21  2:08  Overlord  
  27  2:16  Metabolic Boost  
  27  2:17  Drone  
  28  2:26  Drone x2  
  28  2:27  Drone  
  31  2:36  Overlord  
  31  2:39  Drone  
  34  2:45  Drone  
  33  2:55  Hatchery, Drone  
  33  2:56  Drone  
  34  2:59  Queen  
  34  3:04  Overlord  
  36  3:09  Overlord  
  36  3:22  Drone x6  
  36  3:25  Drone  
  43  3:30  Spore Crawler  
  43  3:33  Drone  
  43  3:35  Queen  
  43  3:41  Drone x3  
  48  3:42  Drone  
  49  3:49  Spore Crawler  
  49  3:53  Zergling x4  
  50  3:58  Zergling x4  
  52  4:06  Overlord x2  
  52  4:09  Queen  
  54  4:10  Spore Crawler  
  54  4:13  Drone x5  
  54  4:14  Drone  
  58  4:25  Drone x4  
  58  4:29  Roach Warren  
  61  4:34  Drone x2  
  61  4:35  Drone  
  60  4:39  Drone  
  60  4:40  Lair  
  60  4:42  Drone x2  
  60  4:43  Drone x2  
  66  4:45  Drone  
  66  4:49  Drone x3  
  69  4:55  Extractor x2, Drone  
  69  4:56  Drone  
  69  4:58  Drone  
  70  5:02  Drone  
  70  5:05  Overlord  
  70  5:06  Drone  
  72  5:11  Extractor x2  
  69  5:16  Evolution Chamber  
  69  5:19  Drone x4  
  69  5:20  Drone  
  69  5:21  Overlord x3  
  73  5:22  Overlord  
  73  5:30  Drone x5  
  78  5:36  Extractor  
  78  5:39  Glial Reconstitution  
  77  5:42  Zerg Missile Weapons Level 1  
  77  5:43  Overseer  
  77  5:48  Hatchery  
  76  5:50  Hydralisk Den  
  76  5:51  Drone  
  76  5:52  Drone x4  
  76  5:53  Drone  
  81  5:59  Roach x3  
  87  6:04  Overlord, Drone  
  87  6:07  Roach x2  
  91  6:14  Overlord  
  91  6:20  Overlord  
  91  6:21  Roach x4  
  91  6:24  Overseer, Grooved Spines  
  99  6:28  Drone  
  99  6:31  Infestation Pit  
  99  6:33  Drone x6  
  99  6:38  Drone x5  
  110  6:42  Overlord  
  110  6:45  Overlord  
  110  6:54  Hydralisk x5  
  110  6:55  Lurker Den  
  110  6:56  Ravager x3  
  110  7:01  Roach x3  
  127  7:05  Roach  
  127  7:06  Extractor x2, Roach  
  129  7:10  Hive  
  129  7:14  Hydralisk x3  
  135  7:24  Roach x3, Hydralisk  
  135  7:25  Roach x2  
  135  7:26  Overlord  
  140  7:31  Zergling x8, Roach  
  140  7:33  Overlord  
  140  7:37  Zergling x2, Roach  
  140  7:38  Zergling x6  
  140  7:40  Zergling x4  
  140  7:43  Zergling x2, Roach  
  138  7:46  Roach  
  138  7:49  Roach x3  
  137  7:54  Ravager x4  
  137  7:58  Roach x2  
  134  7:59  Zergling x2  
  134  8:00  Zergling x6  
  134  8:06  Roach  
  134  8:09  Roach x2  
  136  8:13  Hydralisk x2  
  136  8:15  Muscular Augments  
  137  8:20  Drone x2  
  137  8:24  Extractor, Queen  
  137  8:25  Seismic Spines  
  137  8:26  Drone x2  
  142  8:28  Hydralisk  
  142  8:31  Drone  
  145  8:37  Lurker x2  
  145  8:38  Overlord  
  145  8:39  Hydralisk  
  149  8:41  Overlord  
  149  8:45  Hydralisk  
  149  8:46  Roach x2  
  155  8:48  Overlord  
  155  8:49  Overlord  
  155  8:58  Drone  
  154  9:03  Drone x4  
  154  9:05  Overlord  
  158  9:11  Hydralisk x3  
  158  9:12  Hydralisk x4, Drone  
  167  9:24  Adaptive Talons  
  167  9:25  Overseer  
  167  9:27  Pneumatized Carapace  
  167  9:29  Hatchery  
  167  9:30  Lurker x3  
  169  9:36  Hydralisk  
  169  9:38  Viper x2  
  168  9:39  Zergling x2, Roach  
  168  9:40  Zergling x20  
  172  9:46  Roach x4  
  174  9:56  Lurker x2  
  174  9:58  Roach x4  
  169  10:01  Roach x5  
  169  10:05  Zergling x2, Roach x2  
  172  10:12  Zergling x2, Roach  
  155  10:17  Roach x3  
Tags
 
Add a new tag
Caveats
  • Supply blocks, unpowered buildings, or Contaminate may cause inaccurate times.
  • Supply counts are checked every 10 seconds.